Map: [ESL] Blackburn

Players

Dream

  • Race: Terran Terran

Rogue - Winner!

  • Race: Zerg Zerg

Event: IEM Katowice 2022

VOD

Have the link to the VOD?

Description

Time

  • Played on: Feb. 24, 2022, 8:31 a.m.
  • Length: 6:38

All games in this series

Show
View Real Time Build Order
Export as new Build Order

Dream Terran 

Build Orders: Reaper Expand 

Get SALT Encoding   

  12  0:00  SCV  
  13  0:12  SCV  
  14  0:17  Supply Depot  
  14  0:24  SCV  
  15  0:38  SCV  
  15  0:40  Barracks  
  16  0:42  Refinery  
  16  0:50  SCV  
  17  1:02  SCV  
  18  1:14  SCV  
  19  1:26  Orbital Command  
  19  1:27  Reaper  
  20  1:40  Command Center  
  20  1:51  Supply Depot  
  20  1:52  SCV  
  21  2:00  Marine  
  22  2:04  SCV  
  22  2:07  Factory  
  23  2:16  SCV  
  23  2:17  Marine  
  25  2:28  SCV  
  26  2:39  Barracks Reactor  
  26  2:40  Command Center  
  26  2:42  SCV  
  27  2:52  Refinery  
  27  2:56  Starport  
  27  2:58  SCV  
  28  3:05  Orbital Command  
  28  3:10  Hellion  
  30  3:13  SCV  
  31  3:25  SCV  
  32  3:29  Refinery  
  32  3:31  SCV  
  33  3:37  Fusion Core  
  33  3:38  SCV  
  33  3:40  Hellion  
  36  3:43  SCV  
  36  3:45  Hellion  
  39  3:50  SCV  
  39  3:53  Orbital Command  
  39  3:55  SCV  
  41  4:02  SCV  
  42  4:04  Hellion  
  42  4:06  Starport Tech Lab  
  42  4:07  SCV  
  42  4:09  Hellion  
  47  4:14  SCV  
  48  4:17  Supply Depot  
  48  4:19  SCV  
  48  4:20  SCV  
  50  4:26  SCV  
  51  4:31  SCV  
  51  4:34  Battlecruiser  
  58  4:40  Supply Depot  
  58  4:43  Hellion  
  58  4:44  Hellion  
  58  4:45  SCV x2  
  63  4:49  Orbital Command  
  64  4:54  Supply Depot  
  64  4:57  SCV  
  64  4:58  SCV  
  66  5:05  Refinery  
  66  5:06  Hellion x2  
  70  5:09  SCV  
  70  5:10  SCV  
  70  5:12  Factory  
  72  5:16  Supply Depot, SCV  
  73  5:21  SCV  
  73  5:22  SCV  
  73  5:24  Refinery  
  73  5:28  SCV  
  76  5:31  Refinery  
  76  5:33  SCV, Factory  
  76  5:34  SCV  
  78  5:36  Supply Depot  
  78  5:40  SCV, Armory  
  78  5:41  Armory  
  79  5:45  SCV  
  79  5:46  SCV  
  79  5:49  Hellion x2  
  85  5:52  SCV  
  86  5:57  SCV  
  86  5:58  SCV  
  86  6:07  SCV  
  86  6:09  SCV  
  93  6:16  Supply Depot  
  93  6:17  Supply Depot  
  88  6:25  SCV  
Show
View Real Time Build Order
Export as new Build Order

Rogue Zerg - Winner!

Build Orders: Pool First 

Get SALT Encoding   

  12  0:00  Drone  
  13  0:12  Overlord  
  13  0:17  Drone  
  14  0:30  Drone x2  
  14  0:34  Drone  
  17  0:44  Drone, Extractor  
  17  0:49  Spawning Pool  
  16  0:55  Drone  
  17  1:06  Drone  
  18  1:17  Hatchery  
  17  1:22  Drone  
  18  1:36  Queen  
  18  1:37  Zergling x2  
  21  1:40  Zergling x2  
  21  1:46  Metabolic Boost  
  22  1:53  Overlord  
  22  2:11  Zergling x2  
  22  2:12  Drone, Queen  
  26  2:21  Drone  
  27  2:29  Queen  
  29  2:30  Drone  
  29  2:32  Drone  
  31  2:40  Drone  
  32  2:44  Drone x2, Overlord  
  32  2:50  Drone  
  35  2:54  Drone  
  36  3:05  Drone x2  
  38  3:11  Hatchery  
  38  3:12  Drone  
  37  3:15  Drone  
  37  3:18  Drone x2  
  40  3:23  Overlord  
  40  3:24  Drone  
  40  3:26  Drone  
  42  3:29  Drone  
  42  3:33  Overlord  
  43  3:41  Roach Warren  
  42  3:45  Drone x4  
  46  3:48  Drone  
  46  3:53  Queen  
  46  3:55  Drone x2  
  51  4:01  Queen  
  53  4:04  Zergling x4  
  53  4:06  Overlord  
  57  4:24  Roach x5  
  57  4:25  Queen  
  57  4:28  Roach x2  
  71  4:32  Roach  
  71  4:34  Drone, Extractor  
  71  4:35  Drone  
  74  4:42  Overlord  
  74  4:47  Overlord x2  
  74  4:53  Lair  
  74  4:59  Overlord x2  
  74  5:05  Drone x8  
  74  5:06  Drone  
  82  5:07  Drone  
  82  5:10  Drone  
  84  5:14  Zergling x4  
  84  5:17  Zergling x6  
  89  5:21  Spore Crawler  
  89  5:23  Spore Crawler  
  89  5:24  Spore Crawler  
  89  5:27  Spore Crawler  
  85  5:29  Drone  
  85  5:30  Drone x2  
  85  5:31  Drone  
  85  5:33  Drone  
  90  5:37  Drone x4  
  90  5:41  Drone x3  
  97  5:44  Extractor x2  
  97  5:46  Extractor x2  
  93  5:51  Overlord  
  93  5:52  Drone x4  
  93  5:54  Overlord  
  95  5:57  Drone  
  95  5:59  Ravager x4  
  95  6:03  Drone  
  96  6:12  Drone x5  
  96  6:13  Overlord  
  100  6:22  Drone  
  100  6:23  Drone  
  100  6:24  Spire  

Tags
 
Add a new tag
Caveats
  • Supply blocks, unpowered buildings, or Contaminate may cause inaccurate times.
  • Supply counts are checked every 10 seconds.